 Dungeon Crawl Stone Soup version 0.29-a0-1023-g6ae1a4a2c7 (webtiles) character file.

Game seed: 10673825700635608478

52 KleinerIrrer the Trooper (level 4, -1/61 HPs)
             Began as a Meteoran Wanderer on Aug 11, 2022.
             Was a Follower of Zin.
             Slain by a goblin
             ... wielding a +0 club
             ... led by Robin
              (4 damage)
             ... on level 2 of the Dungeon.
             The game lasted 00:06:30 (960 turns).

KleinerIrrer the Trooper (Meteoran Wanderer)         Turns: 960, Time: 00:06:30

Health: -1/61      AC: 22    Str: 13    XL:     4   Next: 29%
Magic:  7/7        EV:  2    Int: 18    God:    Zin [*.....]
Gold:   54         SH:  0    Dex: 11    Spells: 4/5 levels left

rFire   + . .      SeeInvis .   n - staff of poison
rCold   + . .      Faith    .   (no shield)
rNeg    . . .      Spirit   .   (body armour currently unavailable)
rPois   +          Reflect  .   (helmet currently unavailable)
rElec   +          Harm     .   (cloak currently unavailable)
rCorr   +          Rampage  .   (gloves currently unavailable)
Will    .....      NoTele   +   (boots currently unavailable)
Stlth   +.........              i - amulet of magic regeneration
HPRegen 0.20/turn               (no ring)
MPRegen 0.50/turn               (no ring)

@: tree-form (expiring), resistant, glowing
A: stationary, stasis, torment immunity, boosted hp, sense surroundings 1,
otherworldly, glowing, explore regen
a: Renounce Religion, Recite, Donate Gold


You were on level 2 of the Dungeon.
You worshipped Zin.
Zin was aware of your devotion.
You were a tree.
You visited 1 branch of the dungeon, and saw 3 of its levels.

You collected 59 gold pieces.
You donated 5 gold pieces to Zin.

Inventory:

Hand Weapons
 f - a +0 dagger
Armour
 b - a +0 robe (melded)
 c - a +0 helmet (melded)
Magical Staves
 n - a staff of poison (weapon)
Jewellery
 i - an amulet of magic regeneration (around neck)
Scrolls
 d - a scroll of vulnerability {unknown}
 e - a scroll of fear {unknown}
 m - a scroll of enchant armour {unknown}
Potions
 a - a potion of lignification


   Skills:
 + Level 4.4 Fighting
 - Level 1.2 Throwing
 - Level 2.4 Dodging
 - Level 1.3 Spellcasting
 - Level 2.4 Summonings
 - Level 2.4 Translocations


You had 4 spell levels left.
You knew the following spells:

 Your Spells              Type           Power      Damage    Failure   Level
a - Summon Small Mammal   Summ           36%        N/A       7%          1

Your spell library contained the following spells:

 Spells                   Type           Power      Damage    Failure   Level
 Apportation              Tloc           18%        N/A       7%          1
 Lesser Beckoning         Tloc           9%         N/A       22%         3
 Ensorcelled Hibernation  Hex/Ice        2%         N/A       28%         2
 Passwall                 Tmut/Erth      0%         N/A       28%         2
 Summon Guardian Golem    Hex/Summ       5%         N/A       34%         3
 Swiftness                Air            1%         N/A       50%         3
 Summon Ice Beast         Ice/Summ       5%         N/A       75%         4


Dungeon Overview and Level Annotations

Branches:
Dungeon (3/15) Zot: 823

Altars:
Zin

Annotations:
D:2 Robin


Innate Abilities, Weirdness & Mutations

You are a tree.
Your roots penetrate the ground, keeping you stationary.
You cannot be teleported.
You are immune to unholy pain and torment.
Your maximum health is greatly increased.
Your equipment is partially melded.
You passively map a small area around you.
You are easily found by Zot.
You glow in the dark.
You regain HP and MP as you explore.


Message History

You hit the hobgoblin.
You kill the hobgoblin!
Robin hits you but does no damage. The goblin hits you but does no damage.
Unknown command.
You hit the hobgoblin.
The hobgoblin is lightly wounded.
Robin barely misses you.
The hobgoblin hits you but does no damage.
The goblin hits you but does no damage.
Unknown command.
You hit the hobgoblin.
The hobgoblin is heavily wounded.
Robin says, "Feeling lonely?"
Robin hits you but does no damage.
The hobgoblin hits you but does no damage.
The goblin hits you but does no damage. The hobgoblin hits you.
* * * LOW HITPOINT WARNING * * *
Robin hits you but does no damage.
You barely miss the hobgoblin.
The hobgoblin is heavily wounded.
The goblin hits you but does no damage. Robin hits you but does no damage.
The hobgoblin hits you but does no damage.
Unknown command.
You closely miss the hobgoblin.
The hobgoblin is moderately wounded.
Your transformation is almost over.
The goblin hits you but does no damage.
Robin hits you from afar with a +0 spear.
* * * LOW HITPOINT WARNING * * *
The hobgoblin hits you but does no damage.
The goblin hits you with a +0 club.
* * * LOW HITPOINT WARNING * * *
Casting: Summon Small Mammal (safe; 7% risk of failure)
Confirm with . or Enter, or press ? or * to list all spells.
The goblin no longer looks unusually strong.
Robin roars a battlecry!
The goblin goes into a battle-frenzy!
The hobgoblin hits you but does no damage.
The goblin hits you with a +0 club.
You die...

*,,,,,,*****,* #,,..,,* *,*
#°*.°,,*****,*
***.##°,##,,,,,*
*,,,.○.,.#,***#########
*******,#,#..*°#,**,.......<##
*,,,,,#.#.#○.#.#,,,,#####..)..
*,***,#.#.#.g○b##########.###.
*,* *,°.....○♣)[......†..)....
*,**###°#....g##....#.....#§##
*,,,....°.○.○g.+..○.......#b#
*****#.......○##....#.....#.##
##.....○..○#..........#...
#.○...#.°.○...........###.
**#....#°............## #.
#...°..>°...........###.
****##....................'.


You could see Robin, a hobgoblin (strong), a goblin (strong, ally target) and a
friendly bat (summoned).

Vanquished Creatures
  An adder (D:2)
  A dart slug (D:1)
  An endoplasm (D:2)
  6 goblins
  3 hobgoblins
  2 quokkas
  A ball python (D:1)
  5 bats
  A frilled lizard (D:1)
  3 kobolds
  3 rats (D:1)
27 creatures vanquished.

Vanquished Creatures (collateral kills)
  A dart slug (D:1)
  An endoplasm (D:2)
  A giant cockroach (D:1)
  A hobgoblin (D:1)
  5 frilled lizards
  A goblin (D:2)
10 creatures vanquished.

Vanquished Creatures (others)
  A bat (D:2)
1 creature vanquished.

Grand Total: 38 creatures vanquished

Notes
Turn   | Place    | Note
-------+----------+-------------------------------------------
     0 | D:1      | KleinerIrrer the Meteoran Wanderer began the quest for the
                  | Orb.
     0 | D:1      | KleinerIrrer set off with the following items: a +0 club, a
                  | +0 robe, a +0 helmet; and the following spells available to
                  | memorise: Apportation, Summon Small Mammal, Lesser
                  | Beckoning, Summon Guardian Golem, Summon Ice Beast.
     0 | D:1      | Reached XP level 1. HP: 17/17 MP: 3/3
     2 | D:1      | Learned a level 1 spell: Summon Small Mammal
    52 | D:1      | Found a faded altar of an unknown god.
    73 | D:1      | Prayed at the altar of an unknown god.
    73 | D:1      | Became a worshipper of Zin the Law-Giver
    73 | D:1      | Reached * piety under Zin
   140 | D:1      | Reached XP level 2. HP: 14/25 MP: 1/5
   205 | D:1      | Reached skill level 3 in Fighting
   492 | D:1      | Glimpsed the power of Zot.
   542 | D:1      | Glimpsed the power of Zot.
   555 | D:2      | Noticed Robin
   558 | D:2      | Reached XP level 3. HP: 25/31 MP: 6/6
   758 | D:2      | Reached skill level 4 in Fighting
   805 | D:2      | Reached XP level 4. HP: 10/40 MP: 7/7
   945 | D:2      | HP: 2/41 [Robin/+0 spear (2)]
   959 | D:2      | HP: 3/61 [goblin/+0 club[Robin] (3)]
   960 | D:2      | Slain by a goblin

Illustrated notes

Levels and vault maps discovered:
D:1:      scummos_arrival_simple_crosswalls, layout_loops_ring,
          shapermc_ecumenical_altar_venn, minmay_door_square
D:2:      layout_basic, uniq_robin
D:3:      layout_basic, mainiacjoe_overflow_boulevard,
          nicolae_dithmenos_the_darkroom, minmay_misc_feat_plants

Skill      XL: |  1  2  3 |
---------------+----------+-----
Fighting       | 3 4 |  4.4
Throwing       | |  1.2
Dodging        | |  2.4
Spellcasting   | |  1.3
Summonings     | |  2.4
Translocations | |  2.4

Action                   |  1- 3 |  4- 6 || total
-------------------------+-------+-------++-------
Melee: Club              |    28 |       ||    28
       Dagger            |    70 |       ||    70
       Punch             |     2 |       ||     2
       Staff             |     9 |    27 ||    36
 Cast: Summon Small Mamm |    15 |    15 ||    30
  Use: Scroll            |       |     3 ||     3
       Potion            |       |     3 ||     3
 Stab: Distracted        |       |     1 ||     1
Armor: Robe              |    72 |    10 ||    82
       Skin              |       |    33 ||    33
Dodge: Dodged            |    92 |    18 ||   110

Table legend: (Time is in decaauts)
 A = Elapsed time spent in this place.
 B = Non-inter-level travel time spent in this place.
 C = Inter-level travel time spent in this place.
 D = Time resting spent in this place.
 E = Time spent auto-exploring this place.
 F = Levels seen in this place.
 G = Mean time per level.
                   A        B        C        D        E       F      G
               +--------+--------+--------+--------+--------+-----+--------+
         Total |    975 |    823 |    152 |    100 |    265 |   3 |  325.0 |
       Dungeon |    975 |    823 |    152 |    100 |    265 |   3 |  325.0 |
               +--------+--------+--------+--------+--------+-----+--------+

Top non-repeatable levels by time:
     D:1: 702 daAuts
     D:2: 271 daAuts
     D:3: 1 daAuts
